 Seeded DCSS version 0.24.0 (webtiles) character file.

Game seed: 1111, levelgen mode: deterministic

186 BigChef the Slasher (level 5, -26/42 HPs)
             Began as a Demonspawn Chaos Knight on Feb 4, 2020.
             Was a Plaything of Xom.
             Engulfed by a fire crab (glowing shapeshifter)'s flame (31 damage)
             ... on level 3 of the Dungeon.
             The game lasted 00:06:01 (2372 turns).

BigChef the Slasher (Demonspawn Chaos Knight)       Turns: 2372, Time: 00:06:01

Health: -26/42     AC:  7    Str: 16    XL:     5   Next: 38%
Magic:  5/5        EV: 14    Int: 13    God:    Xom [..*...]
Gold:   184        SH:  4    Dex: 12    Spells: 4/4 levels left

rFire    . . .     SeeInvis .   a - +1 falchion (chaos)
rCold    + . .     Gourm    .   (no shield)
rNeg     . . .     Faith    .   b - +2 leather armour
rPois    .         Spirit   .   (helmet restricted)
rElec    .         Reflect  .   h - +0 cloak
rCorr    .         Harm     .   (no gloves)
MR       +....     Clarity  +   i - +0 pair of boots
Stlth    +.........             (no amulet)
HPRegen  0.14/turn              p - ring of protection from magic
MPRegen  0.09/turn              g - +2 ring of evasion

@: no status effects
A: beak, talons 1, large bone plates 1, clarity, cold resistance 1,
deterioration 1, sense surroundings 1, spiny 1, strong 1, MP-powered wands
a: Renounce Religion


You were on level 3 of the Dungeon.
You worshipped Xom.
You were a toy of Xom.
You were hungry.

You visited 1 branch of the dungeon, and saw 4 of its levels.

You collected 184 gold pieces.

Inventory:

Hand Weapons
 a - a +1 falchion of chaos (weapon)
Armour
 b - a +2 leather armour (worn)
 h - a +0 cloak (worn)
 i - a +0 pair of boots (worn)
Jewellery
 d - an uncursed ring of see invisible
 g - a +2 ring of evasion (right hand)
 p - a ring of protection from magic (left hand)
Scrolls
 e - a scroll of teleportation {unknown}
 q - a scroll of immolation
Potions
 k - a potion of invisibility
Comestibles
 c - 8 rations


   Skills:
 + Level 3.7 Fighting
 + Level 4.4 Long Blades
 + Level 2.4 Armour
 + Level 1.6 Dodging
 + Level 1.0 Stealth


You had 4 spell levels left.
You didn't know any spells.
Your spell library contained the following spells:

 Spells                   Type           Power        Failure   Level  Hunger
 Animate Skeleton         Necr           N/A          36%         1    ##.....
 Pain                     Necr           #...         36%         1    ##.....
 Regeneration             Chrm/Necr      #.........   73%         3    ####...
 Vampiric Draining        Necr           #.........   73%         3    ####...
 Animate Dead             Necr           N/A          98%         4    #####..


Dungeon Overview and Level Annotations

Branches:
Dungeon (4/15)
 Temple: D:4-7

Altars:
Yredelemnul


Innate Abilities, Weirdness & Mutations

You have sharp toenails.
You are partially covered in large bone plates. (SH +4)
You are partially covered in sharp spines.
You have a beak for a mouth.
You possess an exceptional clarity of mind.
Your flesh is cold resistant. (rC+)
Your body sometimes deteriorates upon taking damage.
You passively map a small area around you.
Your muscles are strong. (Str +2)
You expend magic power (3 MP) to strengthen your wands.


Message History

You hit the troll but do no damage.
The troll is severely wounded.
The troll changes into a fire crab!
You hit the fire crab but do no damage. The fire crab completely misses you.
The fire crab claws you but does no damage.
You hit the fire crab but do no damage. The fire crab breathes flames at you.
The blast of flame engulfs you.
Unknown command.
You hit the fire crab.
You feel better.
The fire crab is lightly wounded.
You are engulfed in blazing flames.
* * * LOW HITPOINT WARNING * * *
The fire crab breathes flames at you.
The blast of flame engulfs you but does no damage.
Unknown command.
You are engulfed in blazing flames.
Ouch! That really hurt!
You die...
Xom chortles!

###### #.# #.#.# #.#
#.###.#.## #.# #........#
#># #..#####.########.#
######..# #..........#
##.......# #.#######.##
###...#.°°°# #.# #.#
#...#...°t°#####.# ####.##
#.#...#..#@°°....####......
#.##...>.###°.####.......##
#######.####...# #...#
#.##.##.# .........# #...#
#.#.###.##.##.# #######..#
#...###....##.##.##.# #..#
#........†....##.##.# #..#
#.#.###....#####.##.##
#######..# #.#.###.#.####
#...... .......(.#
#.#÷##.......# ####†##


You could see a fire crab shaped shifter.

Vanquished Creatures
  A bullfrog skeleton (D:4)
  A worker ant (D:4)
  An adder (D:2)
  3 oozes
  3 dart slugs
  3 worms
  2 leopard geckos
  3 orcs
  3 giant cockroaches (D:3)
  9 goblins
  6 hobgoblins
  A quokka (D:3)
  4 bats
  6 frilled lizards
  12 kobolds
  8 rats
66 creatures vanquished.

Vanquished Creatures (collateral kills)
  Terence (D:2)
  An adder (D:2)
  A hobgoblin (D:2)
3 creatures vanquished.

Grand Total: 69 creatures vanquished

Notes
Turn   | Place    | Note
-------+----------+-------------------------------------------
     0 | D:1      | BigChef the Demonspawn Chaos Knight began the quest for the
                  | Orb.
     0 | D:1      | Reached XP level 1. HP: 18/18 MP: 1/1
   235 | D:1      | Reached skill level 3 in Long Blades
   315 | D:1      | Gained mutation: You passively map a small area around you.
                  | [potion of mutation]
   315 | D:1      | Gained mutation: You have large cloven feet. [potion of
                  | mutation]
   315 | D:1      | Gained mutation: Your body sometimes deteriorates upon
                  | taking damage. [potion of mutation]
   315 | D:1      | Gained mutation: You possess an exceptional clarity of
                  | mind. [potion of mutation]
   318 | D:1      | XOM: harmless Tloc miscast
   325 | D:1      | Gained mutation: You are partially covered in sharp spines.
                  | [demonic ancestry]
   325 | D:1      | Reached XP level 2. HP: 21/24 MP: 2/2
   535 | D:1      | XOM: divination: detect items
  1085 | D:2      | Gained mutation: You are partially covered in large bone
                  | plates. (SH +4) [demonic ancestry]
  1085 | D:2      | Reached XP level 3. HP: 29/29 MP: 3/3
  1096 | D:2      | XOM: divination: detect creatures
  1129 | D:2      | XOM: silly message
  1149 | D:2      | XOM: divination: detect creatures
  1218 | D:2      | Reached skill level 1 in Dodging
  1253 | D:2      | Noticed Terence
  1264 | D:2      | XOM: summons friendly quasit
  1267 | D:2      | Killed Terence
  1267 | D:2      | Reached XP level 4. HP: 33/35 MP: 4/4
  1278 | D:2      | Reached skill level 4 in Long Blades
  1798 | D:3      | Found a basalt altar of Yredelemnul.
  2022 | D:3      | XOM: 1-stop teleportation journey
  2138 | D:3      | XOM: give mutations
  2138 | D:3      | Gained mutation: You expend magic power (3 MP) to
                  | strengthen your wands. [Xom's grace]
  2138 | D:3      | Gained mutation: Your flesh is cold resistant. (rC+) [Xom's
                  | grace]
  2138 | D:3      | Gained mutation: Your muscles are strong. (Str +2) [Xom's
                  | grace]
  2138 | D:3      | Gained mutation: You have a beak for a mouth. [Xom's grace]
  2215 | D:3      | XOM: cloud trail
  2344 | D:4      | Noticed an ice beast
  2346 | D:4      | XOM: smoke on damage
  2351 | D:4      | Lost mutation: You have large cloven feet. [demonic
                  | ancestry]
  2351 | D:4      | Gained mutation: You have sharp toenails. [demonic
                  | ancestry]
  2351 | D:4      | Reached XP level 5. HP: 35/42 MP: 5/5
  2354 | D:4      | Reached skill level 1 in Stealth
  2355 | D:4      | Noticed a glowing shapeshifter
  2355 | D:4      | an ice beast changed into a glowing shapeshifter
  2356 | D:4      | Noticed a snapping turtle
  2356 | D:4      | a glowing shapeshifter changed into a snapping turtle
  2357 | D:4      | Noticed a manticore
  2357 | D:4      | a snapping turtle changed into a manticore
  2365 | D:3      | Noticed a guardian serpent
  2365 | D:3      | a manticore changed into a guardian serpent
  2366 | D:3      | Noticed a troll
  2366 | D:3      | a guardian serpent changed into a troll
  2368 | D:3      | Noticed a fire crab
  2368 | D:3      | a troll changed into a fire crab
  2372 | D:3      | Engulfed by a fire crab (glowing shapeshifter)'s flame

Levels and vault maps discovered:
D:1:      saegor_arrival_simple_e, layout_basic
D:2:      layout_loops_cross, uniq_terence
D:3:      layout_loops_ring, first_ration, yredelemnul_altar_generic
D:4:      layout_rooms, lemuel_crystal_altar, fedhas_ov_isle_minmay,
          uniq_menkaure
